 Dungeon Crawl Stone Soup version 0.25-a0-316-gd28d56f9c5 (webtiles) character file.

Game seed: 4897535032930630499, levelgen mode: deterministic

340 Lanoc the Shooter (level 6, 0/49 HPs)
             Began as a Barachi Hunter on Dec 24, 2019.
             Slain by an ogre
             ... wielding a +0 giant club
              (11 damage)
             ... on level 5 of the Dungeon.
             The game lasted 00:11:24 (4727 turns).

Lanoc the Shooter (Barachi Hunter)                  Turns: 4727, Time: 00:11:26

Health: 0/49       AC:  3    Str: 11 (13) XL:     6   Next: 56%
Magic:  3/6        EV: 12    Int:  8 (11) God:
Gold:   134        SH:  0    Dex:  8 (15) Spells: 5/5 levels left

rFire    . . .     SeeInvis .   a - +1 shortbow
rCold    . . .     Gourm    .   (shield currently unavailable)
rNeg     . . .     Faith    .   c - +0 leather armour
rPois    .         Spirit   .   (no helmet)
rElec    .         Reflect  .   (no cloak)
rCorr    .         Harm     .   (no gloves)
MR       .....                  (no boots)
Stlth    +.........             (no amulet)
HPRegen  0.16/turn              (no ring)
MPRegen  0.10/turn              (no ring)

@: can't hop, slow
A: +LOS, swims, slowness 1, strong legs 1
a: Hop


You were on level 5 of the Dungeon.
You were hungry.

You visited 1 branch of the dungeon, and saw 5 of its levels.

You collected 134 gold pieces.

Inventory:

Hand Weapons
 a - a +1 shortbow (weapon)
 b - a +2 antimagic dagger
Missiles
 d - 25 arrows (quivered)
 t - 3 poisoned darts
Armour
 c - a +0 leather armour (worn)
Scrolls
 h - 12 scrolls of identify
 i - 4 scrolls of enchant armour {unknown}
 j - 5 scrolls of remove curse {unknown}
 l - 4 scrolls of fog {unknown}
 m - 2 scrolls of enchant weapon {unknown}
 n - 5 scrolls of teleportation {unknown}
 v - a scroll of amnesia
Potions
 p - a potion of brilliance
 s - a potion of flight
Comestibles
 f - 4 rations


   Skills:
 + Level 4.5 Fighting
 * Level 6.1 Bows
 + Level 4.1 Dodging
 - Level 0.8 Stealth


You had 5 spell levels left.
You didn't know any spells.
Your spell library contained the following spells:

 Spells                   Type           Power        Failure   Level  Hunger
 Ensorcelled Hibernation  Hex/Ice        #.....       65%         2    ###....
 Borgnjor's Vile Clutch   Necr/Erth      #.........   100%        5    ######.
 Silence                  Hex/Air        #.........   100%        5    ######.
 Darkness                 Hex            #.........   100%        6    #######
 Shadow Creatures         Summ           N/A          100%        6    #######


Dungeon Overview and Level Annotations

Branches:
Dungeon (5/15)
 Temple: D:4-7

Altars:
Dithmenos
Kikubaaqudgha
Uskayaw
Zin

Shops:
D:4 (

Annotations:
D:4 Eustachio


Innate Abilities, Weirdness & Mutations

You can be seen from farther away. (+LOS)
You can swim through water.
You cover ground slowly.
You can hop short distances.


Message History

You shoot an arrow. The arrow barely misses the ogre.
The ogre barely misses you.
Firing (i - inventory. (/) - cycle)
d - 27 arrows (quivered)
Press: ? - help, Shift-Dir - straight line, f/p - ogre
Aim: an ogre, wielding a +0 giant club (severely wounded)
You shoot an arrow. The arrow barely misses the ogre.
The jackal closely misses you. The ogre hits you with a +0 giant club!
* * * LOW HITPOINT WARNING * * *
You are too injured to fight recklessly!
Firing (i - inventory. (/) - cycle)
d - 26 arrows (quivered)
Press: ? - help, Shift-Dir - straight line, f/p - ogre
Aim: an ogre, wielding a +0 giant club (severely wounded)
You shoot an arrow. The arrow hits the ogre.
The ogre is almost dead.
The jackal bites you.
* * * LOW HITPOINT WARNING * * *
A phantom comes into view.
The jackal bites you but does no damage.
The jackal closely misses you. The ogre hits you with a +0 giant club!
You die...

###### ##....##
##.....(#
##.......## ..
##.........#
...#..........#
W.......!.(..#
#hhh....(.#
#..h@O..<#
##.......#
##.....##
#######


You could see a phantom (wandering), an ogre and 4 jackals.

Vanquished Creatures
  A scorpion (D:4)
  A bullfrog zombie (D:2)
  2 hounds (D:4)
  2 worker ants (D:4)
  5 adders
  An ooze (D:3)
  An adder skeleton (D:4)
  4 worms
  3 dart slugs
  3 leopard geckos
  4 orcs
  A giant cockroach (D:4)
  7 goblins
  5 hobgoblins
  11 jackals
  7 kobolds
  A ball python (D:3)
  4 bats
  9 frilled lizards
  A quokka skeleton (D:4)
  16 rats
89 creatures vanquished.

Notes
Turn   | Place    | Note
-------+----------+-------------------------------------------
     0 | D:1      | Lanoc the Barachi Hunter began the quest for the Orb.
     0 | D:1      | Reached XP level 1. HP: 17/17 MP: 1/1
    50 | D:1      | Reached XP level 2. HP: 22/23 MP: 0/2
   584 | D:1      | Reached XP level 3. HP: 24/28 MP: 1/3
  1331 | D:2      | Found a shadowy altar of Dithmenos.
  1682 | D:2      | Reached XP level 4. HP: 35/35 MP: 1/4
  1800 | D:2      | Reached skill level 5 in Bows
  2111 | D:2      | Found an ancient bone altar of Kikubaaqudgha.
  2114 | D:2      | Found a glowing silver altar of Zin.
  2117 | D:2      | Found a hide-covered altar of Uskayaw.
  2442 | D:3      | Reached XP level 5. HP: 26/42 MP: 1/5
  3725 | D:4      | Reached XP level 6. HP: 48/48 MP: 6/6
  3860 | D:4      | Found Sufual's Weapon Shop.
  3979 | D:4      | Reached skill level 6 in Bows
  4060 | D:4      | Noticed Eustachio
  4712 | D:5      | Entered Level 5 of the Dungeon
  4727 | D:5      | Noticed a phantom
  4727 | D:5      | Slain by an ogre

Levels and vault maps discovered:
D:1:      minmay_arrival_up_and_down, layout_loops_ring, minmay_pentomino_z4
D:2:      layout_loops_cross, grunt_temple_overflow_diamond,
          nicolae_overflow_hidden_temple, nrook_loot_triangle,
          kennysheep_another_room, grunt_ministairs_10
D:3:      layout_loops_ring
D:4:      layout_cave_pools, first_ration, serial_shops, kennysheep_mini_moat,
          minmay_misc_feat_encased, uniq_eustachio
D:5:      layout_layer_cave, uniq_grinder

Skill      XL: |  1  2  3  4  5  6 |
---------------+-------------------+-----
Fighting       | 3 4 |  4.5
Dodging        | 3 4 |  4.1
Bows           | 5 6 |  6.1
Stealth        | |  0.8

Action                   |  1- 3 |  4- 6 || total
-------------------------+-------+-------++-------
Melee: Dagger            |    86 |   164 ||   250
 Fire: Shortbow          |    44 |   116 ||   160
Throw: Dart              |       |    11 ||    11
 Abil: Hop               |     1 |     3 ||     4
  Use: Potion            |       |    10 ||    10
       Scroll            |       |     2 ||     2
 Stab: Sleeping          |     1 |     2 ||     3
  Eat: Chunk             |     3 |    10 ||    13
Armor: Leather armour    |    33 |    87 ||   120
Dodge: Dodged            |    64 |   380 ||   444

Table legend:
 A = Non-vault XP
 B = Vault XP
 C = Vault XP percentage of total XP
 D = Non-vault monster count
 E = Vault monster count
 F = Vault count percentage of total count
                 A         B        C        D         E       F
            +---------+---------+-------+---------+---------+-------
      Total |     477 |      10 |   2.1 |      84 |       5 |   5.6
            +---------+---------+-------+---------+---------+-------
        D:1 |      33 |       7 |  17.5 |      20 |       3 |  13.0
        D:2 |     120 |       3 |   2.4 |      28 |       2 |   6.7
        D:3 |      56 |       0 |   0.0 |      21 |       0 |   0.0
        D:4 |     268 |       0 |   0.0 |      15 |       0 |   0.0
            +---------+---------+-------+---------+---------+-------
